 Dungeon Crawl Stone Soup version 0.24.0-13-gcf9b3192b9 (webtiles) character file.

Game seed: 16261540981017808490, levelgen mode: deterministic

693262 KarmaPolice the Slayer (level 27, -1/167 HPs)
             Began as a Vine Stalker Assassin on Nov 10, 2019.
             Was the Champion of Wu Jian.
             Killed from afar by an ancient lich (21 damage)
             ... with a bolt of acid
             ... on level 5 of the Realm of Zot.
             The game lasted 07:44:03 (69764 turns).

KarmaPolice the Slayer (Vine Stalker Assassin)     Turns: 69764, Time: 07:44:03

Health: -1/167     AC: 11    Str: 30 (32) XL:     27
Magic:  0/33       EV: 19    Int:  4 (7)  God:    Wu Jian [******]
Gold:   5010       SH: 16    Dex: 18 (20) Spells: 30/43 levels left

rFire    + + +     SeeInvis .   S - +2 morningstar (holy)
rCold    + . .     Gourm    .   n - +2 shield {reflect}
rNeg     + . .     Faith    .   w - +2 robe of Vines {NoPotionHeal Regen+7}
rPois    +         Spirit   +   (helmet restricted)
rElec    +         Reflect  +   E - +2 cloak {+Inv}
rCorr    .         Harm     .   c - +2 pair of gloves {Str+3}
MR       +++++     Clarity  +   O - +0 pair of boots Stlth +++.......Rnd*Tele +
                                z - amulet of the Four Winds {rN+ MR+++ Clar}
HPRegen  3.97/turn              Y - ring "Axka" {rElec rPois AC+1 Str+7 Stlth-}
MPRegen  0.23/turn              d - ring of Yristin {+Blink rPois rF+++ rC+ Int-3}

@: exhausted, corroded, lightly drained
A: fangs 3, horns 2, blurry vision 2, deformed body, deterioration 2, dopey 1,
fire resistance 1, low mp 1, regeneration 2, screaming 2, teleportitis 1, magic
shield, antimagic bite, no potion heal 3, rot immunity
}: 3/15 runes: decaying, silver, gossamer
a: Wall Jump, Serpent's Lash, Heavenly Storm, Renounce Religion, Evoke Blink,
Evoke Invisibility


You were on level 5 of the Realm of Zot.
You worshipped Wu Jian.
Wu Jian was exalted by your worship.
You were not hungry.

You visited 11 branches of the dungeon, and saw 53 of its levels.
You visited the Abyss 2 times.
You also visited: Wizlab.

You collected 7667 gold pieces.
You spent 2657 gold pieces at shops.

Inventory:

Hand Weapons
 D - a +4 great mace of draining
 N - the +6 executioner's axe "Hothoz" {chop, +Inv rElec MP+9 Str-2}
   (You took it off a vampire on level 3 of the Crypt)

   It inflicts extra damage upon your enemies.
   It affects your strength (-2).
   It insulates you from electricity.
   It affects your magic capacity (+9).
   It lets you turn invisible.
 S - a +2 morningstar of holy wrath (weapon)
 W - the +10 war axe "Niodo" {protect, +Inv rC+ Str+3}
   (You found it on level 3 of the Spider Nest)

   It grants its wielder temporary protection when it strikes (+7 to AC).
   It affects your strength (+3).
   It protects you from cold.
   It lets you turn invisible.
Missiles
 r - 12 curare-tipped darts
 G - 39 boomerangs (quivered)
Armour
 c - a +2 pair of gloves of strength (worn)
 n - a +2 shield of reflection (worn)
 w - the +2 robe of Vines (worn) {NoPotionHeal Regen+7}
   (You found it on level 3 of the Lair of Beasts)

   It increases your rate of regeneration.
 E - a +2 cloak of invisibility (worn)
 O - a +0 pair of boots (worn)
 U - a +2 helmet of see invisible
 V - +0 gold dragon scales
Jewellery
 b - the ring of Cacvoon {+Blink Dex+2 Slay+2}
   (You took it off a yaktaur on level 5 of the Vaults)

   [ring of dexterity]

   It affects your dexterity (+2).
   It affects your accuracy and damage with ranged weapons and melee attacks
   (+2).
   It lets you blink.
 d - the ring of Yristin (right hand) {+Blink rPois rF+++ rC+ Int-3}
   (You found it on level 1 of the Lair of Beasts)

   [ring of protection from cold]

   It affects your intelligence (-3).
   It renders you almost immune to fire.
   It protects you from cold.
   It protects you from poison.
   It lets you blink.
 z - the amulet of the Four Winds (around neck) {rN+ MR+++ Clar}
   (You took it off a deep elf master archer on level 3 of the Elven Halls)

   [amulet of nothing]

   It protects you from negative energy.
   It affects your resistance to hostile enchantments.
   It protects you against confusion.
 H - the ring "Ukhler" {rElec Int+4 Dex+3}
   (You took it off a deep elf annihilator on level 5 of the Vaults)

   [ring of dexterity]

   It affects your intelligence (+4).
   It affects your dexterity (+3).
   It insulates you from electricity.
 Y - the ring "Axka" (left hand) {rElec rPois AC+1 Str+7 Stlth-}
   (You found it on level 8 of the Dungeon)

   [ring of protection]

   It affects your AC (+1).
   It affects your strength (+7).
   It insulates you from electricity.
   It protects you from poison.
   It makes you less stealthy.
Wands
 a - a wand of paralysis (36)
 s - a wand of digging (16)
 F - a wand of acid (30)
 R - a wand of iceblast (21)
Scrolls
 g - 24 scrolls of remove curse
 i - 9 scrolls of teleportation
 j - 9 scrolls of blinking
 k - 31 scrolls of identify
 p - 11 scrolls of enchant weapon
 v - 3 scrolls of silence
 x - a scroll of holy word
 A - 13 scrolls of amnesia
 C - 11 scrolls of enchant armour
 I - 3 scrolls of summoning
 J - 7 scrolls of immolation
 K - 8 scrolls of fog
 P - 4 scrolls of brand weapon
 Q - 12 scrolls of magic mapping
 T - 7 scrolls of fear
 Z - 5 scrolls of acquirement
Potions
 e - 6 potions of agility
 h - 8 potions of mutation
 m - 2 potions of haste
 o - 11 potions of brilliance
 q - 10 potions of curing
 t - 8 potions of might
 u - 5 potions of magic
 L - 15 potions of flight
 M - 3 potions of resistance
Miscellaneous
 l - 2 boxes of beasts
 y - a fan of gales
 B - 2 phantom mirrors
 X - a phial of floods
Comestibles
 f - 90 rations


   Skills:
 + Level 24.3(23.9) Fighting
   Level 1.7(6.2) Short Blades
   Level 10.0(9.7) Long Blades
 + Level 19.7(19.3) Axes
 - Level 10.3(10.0) Throwing
 + Level 18.2(17.8) Armour
 - Level 9.7(9.4) Dodging
 - Level 9.3(9.0) Stealth
 - Level 12.5(12.1) Shields
 - Level 8.8(8.4) Spellcasting
 - Level 10.6(10.2) Hexes
 - Level 11.9(11.6) Charms
 - Level 9.0(8.7) Translocations
 + Level 12.4(12.1) Air Magic
 - Level 12.9(12.6) Evocations


You had 30 spell levels left.
You knew the following spells:

 Your Spells              Type           Power        Failure   Level  Hunger
a - Silence               Hex/Air        ##........   10%         5    ######.
b - Blink                 Tloc           N/A          1%          2    ###....
c - Deflect Missiles      Chrm/Air       ##........   38%         6    #######

Your spell library contained the following spells:

 Spells                   Type           Power        Failure   Level  Hunger
 Apportation              Tloc           #.....       1%          1    #......
 Confusing Touch          Hex            #.....       1%          1    #......
 Infusion                 Chrm           ##..         1%          1    #......
 Shroud of Golubria       Chrm/Tloc      #.....       1%          2    ###....
 Slow                     Hex            #.......     1%          2    ###....
 Song of Slaying          Chrm           ##......     1%          2    ###....
 Spectral Weapon          Hex/Chrm       ##......     1%          3    ###....
 Tukima's Dance           Hex            #.......     1%          3    ###....
 Gell's Gravitas          Tloc           #.........   2%          3    ###....
 Lesser Beckoning         Tloc           #.........   2%          3    ###....
 Teleport Other           Tloc           #.......     2%          3    ###....
 Poisonous Vapours        Pois/Air       #.....       4%          2    ###....
 Ozocubu's Armour         Chrm/Ice       #.......     10%         3    ###....
 Regeneration             Chrm/Necr      #.........   10%         3    ###....
 Passage of Golubria      Tloc           N/A          10%         4    #####..
 Inner Flame              Hex/Fire       #.......     12%         3    ###....
 Summon Guardian Golem    Hex/Summ       #.......     12%         3    ###....
 Recall                   Summ/Tloc      N/A          17%         3    ###....
 Mephitic Cloud           Conj/Pois/Air  #.......     21%         3    ###....
 Summon Lightning Spire   Summ/Air       #.......     28%         4    #####..
 Animate Skeleton         Necr           N/A          34%         1    #......
 Beastly Appendage        Tmut           #.....       34%         1    #......
 Flame Tongue             Conj/Fire      #....        34%         1    #......
 Freeze                   Ice            #...         34%         1    #......
 Magic Dart               Conj           #...         34%         1    #......
 Pain                     Necr           #...         34%         1    #......
 Sandblast                Erth           #.....       34%         1    #......
 Sting                    Conj/Pois      #...         34%         1    #......
 Summon Butterflies       Summ           #.......     34%         1    #......
 Summon Small Mammal      Summ           #...         34%         1    #......
 Fulminant Prism          Conj/Hex       #.........   38%         4    #####..
 Call Imp                 Summ           #.......     45%         2    ###....
 Corpse Rot               Necr           N/A          45%         2    ###....
 Passwall                 Tmut/Erth      #.......     45%         2    ###....
 Sticks to Snakes         Tmut           #.......     45%         2    ###....
 Throw Flame              Conj/Fire      #.....       45%         2    ###....
 Throw Frost              Conj/Ice       #.....       45%         2    ###....
 Darkness                 Hex            #.........   61%         6    #######
 Invisibility             Hex            #.......     61%         6    #######
 Iskenderun's Battlesphe  Conj/Chrm      #.......     65%         5    ######.
 Call Canine Familiar     Summ           #.......     71%         3    ###....
 Conjure Flame            Conj/Fire      #.......     71%         3    ###....
 Spider Form              Tmut/Pois      #.........   71%         3    ###....
 Stone Arrow              Conj/Erth      #.....       71%         3    ###....
 Vampiric Draining        Necr           #.........   71%         3    ###....
 Yara's Violent Unravell  Hex/Tmut       #.........   75%         5    ######.
 Summon Forest            Summ/Tloc      #.........   85%         5    ######.
 Animate Dead             Necr           N/A          98%         4    #####..
 Ice Form                 Ice/Tmut       #.......     98%         4    #####..
 Iskenderun's Mystic Bla  Conj           #.......     98%         4    #####..
 Olgreb's Toxic Radiance  Pois           #.......     98%         4    #####..
 Petrify                  Tmut/Erth      #.......     98%         4    #####..
 Sticky Flame             Conj/Fire      #.......     98%         4    #####..
 Summon Ice Beast         Ice/Summ       #.......     98%         4    #####..
 Throw Icicle             Conj/Ice       #.......     98%         4    #####..
 Conjure Ball Lightning   Conj/Air       #.........   99%         6    #######
 Alistair's Intoxication  Tmut/Pois      #.......     100%        5    ######.
 Blade Hands              Tmut           #.........   100%        5    ######.
 Bolt of Magma            Conj/Fire/Erth #.........   100%        5    ######.
 Fireball                 Conj/Fire      #.........   100%        5    ######.
 Lee's Rapid Deconstruct  Erth           #.........   100%        5    ######.
 Venom Bolt               Conj/Pois      #.........   100%        5    ######.
 Bolt of Fire             Conj/Fire      #.........   100%        6    #######
 Death Channel            Necr           #.........   100%        6    #######
 Freezing Cloud           Conj/Ice/Air   #.........   100%        6    #######
 Iron Shot                Conj/Erth      #.........   100%        6    #######
 Simulacrum               Ice/Necr       #.........   100%        6    #######
 Haunt                    Necr/Summ      #.........   100%        7    #######
 Orb of Destruction       Conj           #.........   100%        7    #######
 Ring of Flames           Chrm/Fire      #.........   100%        7    #######
 Spellforged Servitor     Conj/Summ      #.........   100%        7    #######
 Summon Hydra             Summ           #.........   100%        7    #######
 Borgnjor's Revivificati  Necr           #.........   100%        8    #######
 Death's Door             Chrm/Necr      #.........   100%        8    #######
 Infestation              Necr           #.........   100%        8    #######
 Necromutation            Tmut/Necr      #.........   100%        8    #######
 Tornado                  Air            ##........   100%        9    #######


Dungeon Overview and Level Annotations

Branches:
Dungeon (15/15)            Temple (1/1) D:7            Lair (6/6) D:10
  Swamp (4/4) Lair:2       Spider (4/4) Lair:4        Slime (0/5) Lair:5
    Orc (2/2) D:9             Elf (3/3) Orc:2        Vaults (5/5) D:14
  Crypt (3/3) Vaults:2       Tomb (0/3) Crypt:3      Depths (5/5) D:15
    Zot (5/5) Depths:5     WizLab (visited)

Altars:
Cheibriados
Fedhas
Okawaru
Qazlal
Sif Muna
Uskayaw
Vehumet
Wu Jian
Zin
Beogh
Jiyva

Shops:
D:4 }   D:5 *   D:7 :   D:13 !   D:15 !   Orc:1 }   Orc:2 ([*:   Elf:2 ?
Elf:3 %   Vaults:1 ?   Vaults:4 =   Depths:1 *:?!=   Depths:4 }

Portals:
Hell: Depths:1 Depths:2 Depths:3 Depths:4 Depths:5
Abyss: Depths:4 Depths:5
Pandemonium: Depths:2 Depths:3
Ziggurat: Depths:2

Annotations:
D:10 1 runed translucent door, Linguinho's ghost, journeyman TrFi
Lair:6 1 runed translucent door, hydrownug's ghost, journeyman OgWn
Depths:3 1 transporter
Depths:4 Mennas


Innate Abilities, Weirdness & Mutations

You have razor-sharp teeth.
You heal very quickly.
When hurt, damage is shared between your health and your magic reserves.
Your bite disrupts and absorbs the magic of your enemies.
Potions cannot restore your health.
You are immune to rotting.
You have a pair of horns on your head.
Scrolls take you longer to read.
Armour fits poorly on your strangely shaped body.
Your body often deteriorates upon taking damage.
You are dopey. (Int -2)
Your flesh is heat resistant. (rF+)
Your magical capacity is low. (-10% MP)
You sometimes yell uncontrollably at your foes.
You are occasionally teleported next to monsters.


Message History

You hit the ancient lich but do no damage.
You headbutt the ancient lich, but do no damage.
You bite the ancient lich, but do no damage.
The ancient lich is severely damaged.
The ancient lich closely misses you. The ancient lich casts a spell at you.
The crystal spear hits you!!!!
* * * LOW HITPOINT WARNING * * *
Your body deteriorates!
You feel clumsy.
Really read with blurry vision while enemies are nearby?
The ancient lich touches you!
* * * LOW HITPOINT WARNING * * *
You partially resist.
You feel drained.
* * * LOW HITPOINT WARNING * * *
You begin reading the scroll.
You continue reading the scroll.
The ancient lich gestures at you while chanting.
The bolt of acid misses you.
The ancient lich gestures at you while chanting.
The bolt of acid hits you!!
You die...

#.................,,,* #
#..........^......,,,* ##
#^.........^...^..,,,* #.
#.................,,,* ##.
#.................,,,*##..
*#................,,###...
*#......○.........##.^..#
##....°L..........^..###
▓▓....@##▓▓▓▓▓▓▓▓▓▓▓#
▓▓........^......▓▓▓▓
*▓...................▓##
*▓......^..........[....##
▓........................#
▓.................)......▓
▓▓.........^........)...^▓
▓▓................).....▓
▓▓......................


You could see an ancient lich.

Vanquished Creatures
  8 ancient liches
  5 orbs of fire (Zot:5)
  Mara (Spider:2)
  A juggernaut (Depths:4)
  Sojobo (Vaults:4)
  5 Killer Klowns (Zot:5)
  Saint Roka (Crypt:3)
  Frederick (Vaults:4)
  Bai Suzhen (Vaults:3)
  Margery (Crypt:3)
  2 caustic shrikes
  2 curse toes
  9 golden dragons
  the Enchantress (Depths:1)
  Jory (Vaults:4)
  Nikola (Spider:2)
  Arachne (Spider:2)
  2 electric golems (Zot:5)
  8 liches
  14 tentacled monstrosities
  Jorgrun (Swamp:2)
  25 Orb Guardians (Zot:5)
  6 titans
  4 deep elf blademasters
  Frances (Swamp:1)
  9 quicksilver dragons
  A tentacled starspawn (Abyss:3)
  Agnes (Spider:4)
  9 ancient champions
  3 deep elf master archers (Elf:3)
  Kirke (Lair:5)
  2 sphinxes
  7 death cobs
  7 tengu reavers
  4 draconian monks
  22 storm dragons
  Roxanne (Swamp:3)
  Donald (Spider:4)
  3 revenants
  6 shadow dragons
  10 fire giants
  13 deep elf sorcerers
  Louise (Swamp:3)
  6 frost giants
  2 draconian scorchers
  16 vault wardens
  A ghost moth (shapeshifter) (Vaults:5)
  A balrug (Depths:2)
  6 draconian knights
  2 iron dragons
  3 ghost moths
  4 draconian stormcallers
  8 emperor scorpions (Spider:4)
  8 deep elf elementalists
  3 orc warlords
  A curse skull (Crypt:3)
  17 ghouls
  4 spriggan defenders
  6 draconian annihilators
  15 ironheart preservers
  28 stone giants
  6 draconian shifters
  A war gargoyle (Vaults:5)
  4 entropy weavers
  17 very ugly things
  7 deep elf demonologists
  18 black draconians
  8 green draconians
  Nessos (Lair:4)
  12 vampire knights
  10 red draconians
  10 spark wasps
  15 purple draconians
  2 deep elf annihilators
  13 yellow draconians
  9 white draconians
  Josephine (Lair:5)
  16 ettins
  A crystal guardian (Vaults:4)
  2 eidola (Crypt:2)
  11 fire dragons
  7 deep elf death magi
  18 jiangshi
  6 great orbs of eyes
  2 quicksilver dragon zombies (Crypt:3)
  12 ogre magi
  7 deep elf high priests
  15 yaktaur captains
  17 ice dragons
  29 vault guards
  A quicksilver dragon skeleton (Abyss:3)
  3 shambling mangroves
  11 spriggan air magi
  10 rakshasas
  13 hydras
  49 two-headed ogres
  9 centaur warriors
  10 deep troll earth magi
  4 death knights
  14 alligators
  3 tengu warriors
  3 catoblepae (Lair:6)
  25 dancing weapons
  The ghost of jt the Ogre Mage, a novice OgNe of Kikubaaqudgha (D:8)
  10 deep troll shamans
  4 death yaks (Lair:6)
  2 hell hogs (Depths:3)
  7 spriggan berserkers
  5 orc high priests
  20 vampire magi
  Urug (D:10)
  16 hell knights
  25 deep elf knights
  Nergalle (Lair:4)
  2 shadow wraiths
  3 wretched stars (Abyss:3)
  A sun demon (Elf:3)
  A sixfirhy (Depths:2)
  An iron troll (Depths:4)
  A fire crab (shapeshifter) (Vaults:3)
  2 fire crabs (Swamp:4)
  A storm dragon zombie (Crypt:3)
  37 skeletal warriors
  30 deep trolls
  An infernal demonspawn (Depths:2)
  A storm dragon skeleton (Crypt:3)
  A spriggan druid (Swamp:4)
  5 unseen horrors
  5 wizards
  A spark wasp zombie (Crypt:2)
  A golden dragon zombie (Crypt:3)
  6 flayed ghosts
  3 glowing orange brains
  An obsidian statue (Zot:5)
  20 phantasmal warriors
  14 ironbrand convokers
  2 orb spiders (shapeshifter)
  18 deep elf archers
  A golden dragon skeleton (Vaults:5)
  21 orc knights
  A mana viper (shapeshifter) (Elf:3)
  21 orb spiders
  5 swamp dragons (Swamp:4)
  11 harpies
  9 orc sorcerers
  A faun (shapeshifter) (Vaults:3)
  50 ugly things
  A human zombie (Vaults:5)
  32 wolf spiders
  A lindwurm (shapeshifter) (Vaults:3)
  84 deep elf magi
  5 necromancers
  3 oklob plants
  A shining eye (shapeshifter) (Depths:2)
  A sphinx skeleton (Vaults:5)
  3 cyclopes
  A worldbinder (Abyss:3)
  A salamander (shapeshifter) (D:13)
  A fire giant zombie (Crypt:3)
  3 elephants (Lair:6)
  24 moths of wrath
  An elephant (shapeshifter) (Elf:2)
  2 stone giant zombies
  2 dire elephant zombies (Crypt:3)
  4 guardian serpents (shapeshifter)
  3 manticores
  A water nymph (shapeshifter) (Depths:2)
  A rust devil (Depths:1)
  2 smoke demons
  17 vault sentinels
  A centaur zombie (D:15)
  An alligator snapping turtle zombie (Crypt:2)
  A grey draconian zombie (Crypt:3)
  2 elephant slug zombies
  16 spiny frogs
  A shock serpent zombie (Crypt:3)
  5 spectral swamp worms
  5 centaur skeletons
  3 torpor snails (Lair:4)
  A swamp worm zombie (Swamp:4)
  8 komodo dragons
  An ice devil (Depths:2)
  A rime drake (Lair:6)
  3 rime drakes (shapeshifter)
  A yaktaur zombie (D:15)
  An efreet (D:14)
  15 freezing wraiths
  14 demonic crawlers
  A catoblepas skeleton (Crypt:1)
  58 yaktaurs
  4 guardian mummies
  3 tengu conjurers
  A queen ant zombie (Crypt:1)
  4 hydra zombies (Swamp:4)
  An ancient zyme (Abyss:3)
  A red devil (Depths:2)
  32 jumping spiders
  12 trolls
  A queen bee (shapeshifter) (Vaults:5)
  4 tyrant leeches
  2 jumping spiders (shapeshifter) (Depths:5)
  A polar bear (shapeshifter) (Depths:5)
  17 blink frogs
  An ice dragon zombie (D:15)
  33 hornets
  13 slime creatures
  A dream sheep (shapeshifter) (Vaults:3)
  2 deep troll zombies (D:15)
  An alligator zombie (Swamp:4)
  6 bog bodies
  2 dream sheep (D:8)
  A human simulacrum (Vaults:3)
  9 hippogriffs
  A guardian serpent skeleton (Crypt:3)
  A black mamba zombie (Crypt:3)
  An air elemental (Elf:3)
  7 flying skulls
  4 shadows
  66 yaks
  30 tarantellas
  5 fire elementals
  71 redbacks
  14 spriggans
  5 water elementals
  A spriggan (shapeshifter) (Vaults:2)
  27 vampires
  9 wraiths
  5 wyverns
  Grum (Lair:1)
  5 hogs
  A chaos spawn (Depths:2)
  A hungry ghost (D:14)
  A basilisk (Lair:3)
  2 steam dragons
  A tyrant leech zombie (Swamp:4)
  A wind drake skeleton (Crypt:2)
  19 swamp worms
  8 vampire mosquitoes
  2 wargs
  An acid dragon (Vaults:2)
  A warg (shapeshifter) (D:15)
  5 two-headed ogre zombies
  2 acid dragons (shapeshifter)
  10 hell hounds (Depths:3)
  24 insubstantial wisps
  10 water moccasins
  A water moccasin (shapeshifter) (Vaults:5)
  2 floating eyes
  4 porcupines
  8 swamp drakes
  54 orc warriors
  7 sky beasts
  A hornet zombie (D:15)
  An eye of draining (D:13)
  3 black bears
  2 eyes of draining (shapeshifter)
  3 ice beasts
  7 wolves
  7 necrophages
  12 centaurs
  34 ogres
  12 boggarts
  A snapping turtle skeleton (Crypt:3)
  A big kobold (shapeshifter) (Vaults:5)
  16 crocodiles
  A hog skeleton (Crypt:1)
  An elf zombie (Crypt:3)
  5 big kobolds
  3 gnoll sergeants (D:7)
  14 bullfrogs
  3 earth elementals
  A scorpion (shapeshifter) (Depths:5)
  2 scorpions
  A wyvern skeleton (Crypt:1)
  10 troll zombies (WizLab)
  23 killer bees
  5 wights (WizLab)
  An oklob sapling (D:12)
  A yak skeleton (Crypt:1)
  5 electric eels
  5 howler monkeys
  7 crimson imps
  5 quasits
  5 bullfrog zombies
  5 hounds
  A jelly (D:10)
  3 gnoll shamans
  23 orc priests
  24 orc wizards
  2 iron imps
  Ijyb (D:4)
  Jessica (D:2)
  Natasha (thrice) (D:3)
  8 worker ants
  4 iguanas
  A killer bee zombie (D:9)
  5 ogre zombies (WizLab)
  A felid zombie (Crypt:1)
  A big kobold zombie (Crypt:1)
  2 hound zombies
  A hound skeleton (D:11)
  A worker ant zombie (D:9)
  Robin (D:2)
  A howler monkey skeleton (D:10)
  24 gnolls
  16 adders
  4 shadow imps
  6 white imps
  2 ufetubi
  An ooze (D:1)
  A lava snake zombie (Crypt:2)
  An adder skeleton (D:6)
  An iguana skeleton (Crypt:2)
  A worm (shapeshifter) (Vaults:3)
  4 worms
  A barachi zombie (Crypt:3)
  3 dart slugs
  7 leopard geckos
  97 orcs
  5 giant cockroaches
  16 goblins
  17 hobgoblins
  10 jackals
  4 quokkas
  6 ball pythons
  A ball python skeleton (Crypt:1)
  6 bats (D:1)
  4 frilled lizards
  2 frilled lizard skeletons (Crypt:2)
  A goblin skeleton (Crypt:3)
  A jackal zombie (D:6)
  10 kobolds
  A leopard gecko skeleton (D:3)
  A quokka zombie (D:6)
  10 rats
  A rat skeleton (Crypt:1)
  A bush (D:12)
  2 crawling corpses (Elf:3)
  4 plants
  A withered plant (D:15)
2600 creatures vanquished.

Vanquished Creatures (collateral kills)
  A very ugly thing (Depths:3)
  A spark wasp (Depths:3)
  A spriggan air mage (Depths:3)
3 creatures vanquished.

Vanquished Creatures (others)
  The ghost of foobar1000 the Acrobat, a veteran SpHu of Okawaru (Vaults:1)
  A stone giant (Vaults:4)
  A vampire knight (Depths:5)
  A deep elf death mage (Crypt:2)
  A vault guard (Vaults:1)
  An ice dragon (Depths:5)
  3 hydras (Swamp:4)
  A two-headed ogre (Vaults:4)
  An ogre mage (Vaults:4)
  A lindwurm (Swamp:4)
  A deep elf mage (Elf:1)
  A wolf spider (Spider:1)
  A vault sentinel (Vaults:5)
  8 yaktaurs
  2 hornets (Swamp:4)
  A blink frog (Swamp:4)
  A tarantella (Spider:4)
  A water elemental (Elf:2)
  5 steam dragons (Swamp:4)
  5 swamp drakes (Swamp:4)
  A boggart (Vaults:2)
  5 fungi
  25 plants
  15 starspawn tentacles (Abyss:3)
84 creatures vanquished.

Grand Total: 2687 creatures vanquished

Notes
Turn   | Place    | Note
-------+----------+-------------------------------------------
     0 | D:1      | KarmaPolice the Vine Stalker Assassin began the quest for
                  | the Orb.
     0 | D:1      | Reached XP level 1. HP: 11/11 MP: 2/2
   117 | D:1      | Reached skill level 5 in Stealth
   127 | D:1      | Reached skill level 2 in Fighting
   179 | D:1      | Reached XP level 2. HP: 14/15 MP: 3/3
   489 | D:1      | Reached XP level 3. HP: 17/18 MP: 4/4
  1144 | D:2      | Gained mutation: Your natural rate of healing is unusually
                  | fast. [Vine Stalker growth]
  1144 | D:2      | Reached XP level 4. HP: 18/23 MP: 5/5
  1528 | D:2      | Noticed Robin
  1585 | D:2      | Killed Robin
  1703 | D:2      | Found a stormy altar of Qazlal.
  1803 | D:2      | Noticed Jessica
  1810 | D:2      | Killed Jessica
  1810 | D:2      | Reached skill level 3 in Fighting
  1810 | D:2      | Reached XP level 5. HP: 28/28 MP: 6/6
  2336 | D:3      | Noticed Natasha
  2338 | D:3      | Killed Natasha
  2373 | D:3      | Reached XP level 6. HP: 32/32 MP: 7/7
  2441 | D:3      | Noticed Natasha
  2478 | D:3      | Killed Natasha
  2602 | D:3      | Noticed Natasha
  2611 | D:3      | Killed Natasha
  2611 | D:3      | Reached skill level 1 in Axes
  2726 | D:3      | Found a faded altar of an unknown god.
  2754 | D:3      | Found a hide-covered altar of Uskayaw.
  2755 | D:3      | Found a blossoming altar of Fedhas.
  2813 | D:4      | Noticed Ijyb
  2820 | D:4      | Killed Ijyb
  2866 | D:4      | You fall into a shaft and drop 1 floor!
  2866 | D:5      | Entered Level 5 of the Dungeon
  2883 | D:4      | Reached skill level 1 in Evocations
  2906 | D:4      | Reached XP level 7. HP: 32/37 MP: 8/8
  3013 | D:4      | Reached skill level 4 in Fighting
  3142 | D:4      | Found Veadamycs's Gadget Shoppe.
  3336 | D:3      | Found a snail-covered altar of Cheibriados.
  3336 | D:3      | Found an ornate altar of the Wu Jian Council.
  3347 | D:3      | Became a worshipper of the Wu Jian Council
  3730 | D:5      | Found Zin's Purification Station.
  3733 | D:5      | Found a glowing silver altar of Zin.
  4430 | D:6      | Gained mutation: You have razor-sharp teeth. [Vine Stalker
                  | growth]
  4430 | D:6      | Reached XP level 8. HP: 27/42 MP: 7/10
  4496 | D:6      | Noticed a brown ugly thing
  4550 | D:6      | Found a stormy altar of Qazlal.
  4616 | D:6      | Noticed a green ugly thing
  4910 | D:5      | Reached skill level 5 in Fighting
  4910 | D:5      | Reached skill level 5 in Throwing
  5196 | D:7      | Found a staircase to the Ecumenical Temple.
  5205 | Temple   | Entered the Ecumenical Temple
  5424 | D:7      | Found Atsoimmi's Book Emporium.
  5638 | D:7      | Identified the +11 whip of Cheese {freeze, Stlth+}
  5666 | D:7      | Reached * piety under Wu Jian
  5895 | D:7      | Reached XP level 9. HP: 39/47 MP: 9/12
  6258 | D:7      | Reached ** piety under Wu Jian
  6660 | D:8      | Found a transporter.
  6693 | D:8      | Reached skill level 6 in Fighting
  6928 | D:8      | Found an iron altar of Okawaru.
  7061 | D:8      | Found a transporter.
  7065 | D:8      | Noticed jt's ghost (novice OgNe)
  7066 | D:8      | Noticed a moth of wrath
  7121 | D:8      | Reached skill level 5 in Evocations
  7262 | D:8      | Reached skill level 5 in Axes
  7430 | D:8      | Reached XP level 10. HP: 47/53 MP: 13/15
  7624 | D:8      | Reached skill level 7 in Fighting
  7669 | D:8      | Noticed a two-headed hydra
  7690 | D:8      | Killed a two-headed hydra
  7815 | D:9      | Reached *** piety under Wu Jian
  8017 | D:9      | Found a staircase to the Orcish Mines.
  8120 | D:9      | Noticed a two-headed ogre
  8156 | D:9      | Killed a two-headed ogre
  8156 | D:9      | Reached skill level 8 in Fighting
  8156 | D:9      | Reached skill level 1 in Armour
  8156 | D:9      | Reached XP level 11. HP: 60/60 MP: 17/17
  8448 | D:9      | Found an iron altar of Okawaru.
  8468 | D:9      | Reached **** piety under Wu Jian
  8692 | D:10     | Entered Level 10 of the Dungeon
  8729 | D:10     | Found a runed translucent door.
  8730 | D:10     | Identified the +9 spear of the Crypt {vamp, rElec rN+}
  8732 | D:10     | Noticed Linguinho's ghost (journeyman TrFi)
  8815 | D:10     | Found a staircase to the Lair.
  8819 | D:10     | Noticed a brown ugly thing
  8962 | D:10     | Noticed Urug
  9005 | D:10     | Killed Urug
  9195 | D:10     | Killed a brown ugly thing
 10443 | D:11     | Identified the cursed +1 robe "Kef Myi" {rElec rN+ MP+9
                  | Stlth-}
 10713 | D:11     | Noticed a purple ugly thing
 10748 | D:11     | Killed a purple ugly thing
 10748 | D:11     | Reached skill level 9 in Fighting
 10796 | D:11     | Noticed a centaur warrior
 10812 | D:11     | Killed a centaur warrior
 11163 | D:11     | Noticed a two-headed ogre
 11384 | D:11     | Killed a two-headed ogre
 11384 | D:11     | Gained mutation: You heal very quickly. [Vine Stalker
                  | growth]
 11384 | D:11     | Reached XP level 12. HP: 66/66 MP: 19/19
 11937 | D:12     | Noticed a rakshasa
 12001 | Lair:1   | Entered Level 1 of the Lair of Beasts
 12268 | Lair:1   | Got a coiled glass ring
 12269 | Lair:1   | Identified the ring of Yristin {+Blink rPois rF+++ rC+
                  | Int-3} (You found it on level 1 of the Lair of Beasts)
 12448 | Lair:1   | Noticed Grum
 12513 | Lair:1   | Reached ***** piety under Wu Jian
 12539 | Lair:1   | Killed Grum
 13474 | Lair:2   | Found a staircase to the Swamp.
 13698 | Lair:2   | Reached skill level 10 in Fighting
 14173 | Lair:3   | Found the +2 robe of Vines {NoPotionHeal Regen+7}
 14874 | Lair:4   | Noticed Nergalle
 14889 | Lair:4   | Killed Nergalle
 14927 | Lair:4   | Noticed Nessos
 15060 | Lair:4   | Found a hole to the Spider Nest.
 15162 | Lair:4   | Noticed a seven-headed hydra
 15207 | Lair:4   | Killed a two-headed hydra
 15258 | Lair:4   | Reached XP level 13. HP: 72/72 MP: 21/21
 15355 | Lair:4   | Found a snail-covered altar of Cheibriados.
 15410 | Lair:4   | Reached skill level 10 in Evocations
 15559 | Lair:5   | Noticed Kirke
 15704 | Lair:5   | Found a viscous altar of Jiyva.
 15712 | Lair:5   | Found a staircase to the Slime Pits.
 16110 | Lair:5   | Noticed Josephine
 16138 | Lair:5   | Killed Josephine
 16524 | Lair:5   | Killed Kirke
 16524 | Lair:5   | Reached skill level 5 in Armour
 16754 | Lair:6   | Entered Level 6 of the Lair of Beasts
 16866 | Lair:5   | Reached skill level 11 in Fighting
 17336 | Lair:6   | Found a runed translucent door.
 17336 | Lair:6   | Identified the cursed +1 trident "Nanysiwn" {protect, rF++
                  | Int+4}
 18240 | Lair:6   | Noticed hydrownug's ghost (journeyman OgWn)
 18267 | Lair:6   | Reached ****** piety under Wu Jian
 18278 | Lair:6   | Reached XP level 14. HP: 74/79 MP: 21/23
 18402 | Lair:6   | Reached skill level 1 in Dodging
 18869 | Lair:4   | Killed Nessos
 19185 | Orc:1    | Entered Level 1 of the Orcish Mines
 19449 | Orc:2    | Entered Level 2 of the Orcish Mines
 19482 | Orc:2    | Found a staircase to the Elven Halls.
 20064 | Orc:2    | Reached skill level 12 in Fighting
 20140 | Orc:2    | Reached skill level 10 in Throwing
 20175 | Orc:2    | Noticed an orc warlord
 20357 | Orc:2    | Killed an orc warlord
 20882 | Orc:2    | Found Ycurairch's General Store.
 20959 | Orc:2    | Found Hativiq's Book Shoppe.
 20960 | Orc:2    | Found Lyivve Mihi's Antique Armour Emporium.
 20960 | Orc:2    | Found Xarr's Antique Weapon Emporium.
 20976 | Orc:2    | Bought 2 potions of mutation for 208 gold pieces
 21337 | Orc:1    | Found Ypawok's Gadget Boutique.
 23235 | D:13     | Found Niuluetu's Distillery.
 23281 | D:13     | Bought a potion of degeneration for 15 gold pieces
 23281 | D:13     | Bought a potion of magic for 120 gold pieces
 23285 | D:13     | Bought a potion of cancellation for 120 gold pieces
 23287 | D:13     | Bought a potion of might for 60 gold pieces
 23318 | D:13     | Reached XP level 15. HP: 85/85 MP: 24/24
 24182 | D:14     | Found a gate to the Vaults.
 24336 | D:14     | Reached skill level 10 in Axes
 24704 | D:14     | Reached skill level 13 in Fighting
 25038 | D:15     | Entered Level 15 of the Dungeon
 25079 | D:15     | Found Jekhleuph's Distillery.
 25085 | D:15     | Bought a potion of might for 68 gold pieces
 25085 | D:15     | Bought a potion of might for 68 gold pieces
 25085 | D:15     | Bought a potion of agility for 68 gold pieces
 25231 | D:15     | Found a staircase to the Depths.
 25876 | D:15     | Reached XP level 16. HP: 91/91 MP: 16/25
 26634 | Swamp:1  | Entered Level 1 of the Swamp
 26641 | Swamp:1  | Noticed Frances
 26673 | Swamp:1  | Killed Frances
 27458 | Swamp:1  | Got a spiked ring mail
 27469 | Swamp:1  | Identified the +4 ring mail "Zecw" {*Corrode *Slow +Inv
                  | rF+++} (You found it on level 1 of the Swamp)
 27677 | Swamp:2  | Noticed Jorgrun
 27701 | Swamp:2  | Killed Jorgrun
 27701 | Swamp:2  | Reached skill level 5 in Dodging
 27827 | Swamp:2  | Found a radiant altar of Vehumet.
 28499 | Swamp:3  | Reached skill level 10 in Armour
 28657 | Swamp:3  | Noticed Louise
 28686 | Swamp:3  | Killed Louise
 28853 | Swamp:3  | Noticed Roxanne
 28884 | Swamp:3  | Killed Roxanne
 29264 | Swamp:4  | Entered Level 4 of the Swamp
 29382 | Swamp:4  | Reached skill level 14 in Fighting
 29746 | Swamp:4  | Reached XP level 17. HP: 97/97 MP: 24/26
 30497 | Swamp:4  | Got a decaying rune of Zot
 30839 | Spider:1 | Entered Level 1 of the Spider Nest
 31522 | Spider:1 | Reached skill level 1 in Spellcasting
 31780 | Spider:2 | Noticed Arachne
 31832 | Spider:2 | Killed Arachne
 33132 | Spider:3 | Noticed Nikola
 33473 | Spider:2 | Killed Nikola
 34054 | Spider:2 | Reached XP level 18. HP: 81/103 MP: 25/27
 34337 | Spider:3 | Noticed Mara
 34352 | Spider:3 | Noticed KarmaPolice's illusion
 34672 | Spider:3 | Noticed KarmaPolice's illusion
 34732 | Spider:3 | Reached skill level 15 in Fighting
 34932 | Spider:3 | Noticed KarmaPolice's illusion
 35051 | Spider:3 | Noticed KarmaPolice's illusion
 35077 | Spider:2 | Noticed KarmaPolice's illusion
 35118 | Spider:2 | Noticed KarmaPolice's illusion
 35295 | Spider:2 | Noticed KarmaPolice's illusion
 35298 | Spider:2 | Killed Mara
 35411 | Spider:3 | Got a shimmering war axe
 35412 | Spider:3 | Identified the +10 war axe "Niodo" {protect, +Inv rC+
                  | Str+3} (You found it on level 3 of the Spider Nest)
 35695 | Spider:4 | Entered Level 4 of the Spider Nest
 35757 | Spider:4 | Reached skill level 5 in Spellcasting
 35825 | Spider:4 | Noticed Agnes
 35850 | Spider:4 | Killed Agnes
 36638 | Spider:4 | Paralysed by a hornet for 2 turns
 36820 | Spider:4 | Noticed Donald
 36841 | Spider:4 | Killed Donald
 37036 | Spider:4 | Reached skill level 1 in Shields
 37185 | Spider:4 | Got a gossamer rune of Zot
 37247 | Spider:4 | Lost intelligence.
 37700 | Elf:1    | Entered Level 1 of the Elven Halls
 37821 | Elf:1    | Noticed a Hell Sentinel
 37822 | Elf:1    | Noticed an Ice Fiend
 38327 | Elf:1    | Reached XP level 19. HP: 109/109 MP: 26/28
 38469 | Elf:1    | Identified the Papyrus of Companions
 38907 | Elf:1    | Reached skill level 16 in Fighting
 39004 | Elf:2    | Found Bynuz's Magic Scroll Boutique.
 39012 | Elf:2    | Bought a scroll of holy word for 105 gold pieces
 39012 | Elf:2    | Bought a scroll of identify for 28 gold pieces
 39012 | Elf:2    | Bought a scroll of identify for 28 gold pieces
 39012 | Elf:2    | Bought a scroll of teleportation for 42 gold pieces
 39012 | Elf:2    | Bought a scroll of identify for 28 gold pieces
 39013 | Elf:2    | Identified 2 scrolls of acquirement
 39019 | Elf:2    | Bought a scroll of enchant weapon for 105 gold pieces
 39019 | Elf:2    | Bought a scroll of identify for 28 gold pieces
 39019 | Elf:2    | Bought a scroll of identify for 28 gold pieces
 39478 | Elf:2    | Reached skill level 5 in Shields
 39586 | Elf:2    | Found a runed translucent gate.
 39586 | Elf:2    | Found a runed translucent gate.
 39586 | Elf:2    | Found a runed translucent gate.
 40418 | Elf:2    | Cast into level 3 of the Abyss (+3 scimitar of distortion)
 40571 | Abyss:3  | Noticed a tentacled monstrosity
 40680 | Abyss:3  | Found a corrupted altar of Lugonu.
 40935 | Elf:2    | Escaped the Abyss
 40994 | Elf:3    | Entered Level 3 of the Elven Halls
 40996 | Elf:3    | Gained mutation: Your flesh is heat resistant. (rF+)
                  | [potion of mutation]
 40996 | Elf:3    | Gained mutation: Your muscles are strong. (Str +2) [potion
                  | of mutation]
 41023 | Elf:3    | Lost mutation: Your muscles are strong. (Str +2) [potion of
                  | mutation]
 41023 | Elf:3    | Lost mutation: Your flesh is heat resistant. (rF+) [potion
                  | of mutation]
 41023 | Elf:3    | Gained mutation: Your flesh is heat resistant. (rF+)
                  | [potion of mutation]
 41322 | Elf:3    | Found Deosseawk's Food Emporium.
 41382 | Elf:3    | Reached XP level 20. HP: 97/116 MP: 24/29
 41510 | Elf:3    | Reached skill level 15 in Axes
 41574 | Elf:3    | Cast into level 3 of the Abyss (a deep elf demonologist)
 41697 | Elf:3    | Escaped the Abyss
 41805 | Elf:3    | Reached skill level 17 in Fighting
 42054 | Elf:3    | Identified the +4 plate armour of the Hare {*Corrode rN+
                  | Stlth+}
 42252 | Elf:3    | Identified the ring of the Jackalope {+Fly rPois}
 42517 | Elf:3    | Got a brightly glowing dire flail
 42518 | Elf:3    | Identified the +0 dire flail "Tuisetz" {speed, *Contam +Inv
                  | Dex+2} (You found it on level 3 of the Elven Halls)
 42525 | Elf:3    | Got a pitted hand axe
 42527 | Elf:3    | Identified the +5 hand axe "Pifaat" {vamp, rElec rC+ Str-2
                  | Dex+4} (You found it on level 3 of the Elven Halls)
 43167 | Vaults:1 | Entered Level 1 of the Vaults
 43193 | Vaults:1 | Reached skill level 1 in Long Blades
 43502 | D:8      | Killed jt's ghost
 43529 | D:8      | Got a transparent pewter ring
 43532 | D:8      | Identified the ring "Axka" {rElec rPois AC+1 Str+7 Stlth-}
                  | (You found it on level 8 of the Dungeon)
 43783 | Vaults:1 | Found Voppav's Magic Scroll Shoppe.
 43905 | Vaults:1 | Bought a scroll of blinking for 120 gold pieces
 43905 | Vaults:1 | Bought a scroll of blinking for 120 gold pieces
 43905 | Vaults:1 | Bought a scroll of blinking for 120 gold pieces
 43905 | Vaults:1 | Bought a scroll of teleportation for 48 gold pieces
 43905 | Vaults:1 | Bought a scroll of identify for 32 gold pieces
 43905 | Vaults:1 | Bought a scroll of identify for 32 gold pieces
 44258 | Vaults:1 | Reached XP level 21. HP: 122/122 MP: 26/30
 44283 | Vaults:1 | Got a vibrating iron ring
 44284 | Vaults:1 | Identified the ring "Ytam" {Ice Int+3} (You found it on
                  | level 1 of the Vaults)
 44880 | Vaults:1 | Bought a scroll of identify for 32 gold pieces
 44880 | Vaults:1 | Bought a scroll of identify for 32 gold pieces
 44880 | Vaults:1 | Bought a scroll of identify for 32 gold pieces
 45154 | Vaults:1 | Found a runed translucent gate.
 45154 | Vaults:1 | Found a runed translucent gate.
 45154 | Vaults:1 | Noticed foobar1000's ghost (veteran SpHu)
 45155 | Vaults:1 | Found a runed translucent gate.
 45157 | Vaults:1 | Identified the +4 glaive of Subterfuge {pain, +Blink rF+
                  | rN+}
 45167 | Vaults:1 | Found a roughly hewn altar of Beogh.
 45176 | Vaults:1 | Reached skill level 10 in Shields
 45192 | Vaults:1 | Reached skill level 5 in Long Blades
 45406 | Vaults:1 | Killed foobar1000's ghost
 46200 | Vaults:2 | Found a staircase to the Crypt.
 46346 | Vaults:2 | Reached skill level 18 in Fighting
 46977 | Vaults:3 | Reached XP level 22. HP: 114/128 MP: 31/34
 46979 | Vaults:3 | Noticed Bai Suzhen
 48152 | Vaults:3 | Killed Bai Suzhen
 48547 | Vaults:4 | Noticed Sojobo
 48577 | Vaults:4 | Found Giom's Jewellery Emporium.
 49281 | Vaults:4 | Noticed Frederick
 49302 | Vaults:4 | Killed Frederick
 49302 | Vaults:4 | Reached XP level 23. HP: 100/134 MP: 36/36
 50126 | Vaults:4 | Noticed Jory
 50147 | Vaults:4 | Killed Jory
 50385 | Depths:1 | Entered Level 1 of the Depths
 50425 | Depths:1 | Learned a level 5 spell: Silence
 50574 | Depths:1 | Reached skill level 1 in Hexes
 50576 | Depths:1 | Reached skill level 1 in Air Magic
 50577 | Depths:1 | Found Tuh Ced's Jewellery Shoppe.
 50581 | Depths:1 | Reached skill level 19 in Fighting
 50625 | Depths:1 | Noticed the Enchantress
 50950 | Depths:1 | Killed the Enchantress
 51051 | Depths:1 | Found Qixizuno's Magic Scroll Emporium.
 51051 | Depths:1 | Found Faecaul's Book Shoppe.
 51052 | Depths:1 | Found Qeqijai's Distillery.
 51054 | Depths:1 | Found Tuteskith's Assorted Antiques.
 51077 | Depths:1 | Bought a potion of might for 52 gold pieces
 51083 | Depths:1 | Bought a scroll of silence for 157 gold pieces
 51086 | Depths:1 | Bought a scroll of identify for 44 gold pieces
 51086 | Depths:1 | Bought a scroll of teleportation for 66 gold pieces
 51243 | Depths:1 | Found a gateway to Hell.
 51744 | Depths:2 | Paralysed by a floating eye for 3 turns
 51834 | Depths:2 | Found a gateway to a ziggurat.
 52147 | Depths:2 | Noticed a caustic shrike
 52147 | Depths:2 | Noticed a golden dragon
 52485 | Depths:2 | Found a one-way gate leading to the halls of Pandemonium.
 52684 | Depths:2 | Killed a caustic shrike
 52751 | Depths:2 | Killed a golden dragon
 52751 | Depths:2 | Reached skill level 5 in Air Magic
 52921 | Depths:2 | Reached skill level 5 in Hexes
 53070 | Depths:3 | Reached XP level 24. HP: 104/140 MP: 32/36
 53092 | Depths:3 | Found a magical portal.
 53355 | WizLab   | Noticed an antique lich
 53365 | WizLab   | Killed an antique lich
 53375 | WizLab   | Found the +9 sword of Zonguldrok {reap}
 53811 | Depths:3 | Found a transporter.
 53820 | Depths:3 | Found a shimmering blue altar of Sif Muna.
 54266 | Depths:3 | Reached skill level 10 in Long Blades
 54391 | Depths:4 | Noticed a juggernaut
 54414 | Depths:4 | Killed a juggernaut
 54469 | Depths:4 | Found a one-way gate to the infinite horrors of the Abyss.
 54634 | Depths:4 | Learned a level 2 spell: Blink
 54695 | Depths:4 | Reached skill level 1 in Translocations
 54705 | Depths:4 | Found Haatoral's Gadget Emporium.
 55135 | Depths:4 | Paralysed by a floating eye for 2 turns
 55147 | Depths:4 | Paralysed by a floating eye for 2 turns
 55157 | Depths:4 | Paralysed by a floating eye for 2 turns
 55161 | Depths:4 | Reached skill level 20 in Fighting
 55171 | Depths:4 | Identified Zummer's Disquisition on Ice
 55331 | Depths:5 | Entered Level 5 of the Depths
 55332 | Depths:5 | Noticed Mennas
 55610 | Depths:4 | Reached XP level 25. HP: 82/147 MP: 23/36
 56220 | Depths:4 | Reached skill level 5 in Translocations
 56825 | Depths:5 | Found a gate to the Realm of Zot.
 56833 | Depths:5 | Noticed an ancient lich
 56880 | Depths:5 | Killed an ancient lich
 57101 | Depths:5 | Identified the +3 leather armour of Vauq {MR+ Dex+3}
 57530 | Crypt:1  | Entered Level 1 of the Crypt
 57608 | Crypt:1  | Reached skill level 21 in Fighting
 57883 | Crypt:1  | Reached skill level 15 in Armour
 58439 | Crypt:2  | Reached XP level 26. HP: 155/155 MP: 36/36
 59258 | Crypt:3  | Entered Level 3 of the Crypt
 59267 | Crypt:3  | Noticed Saint Roka
 59424 | Crypt:3  | Killed Saint Roka
 59445 | Crypt:3  | Found a staircase to the Tomb.
 60201 | Crypt:3  | Reached skill level 22 in Fighting
 60514 | Crypt:3  | Identified the Guide on Execration
 60520 | Crypt:3  | Identified the Volume of the Damaging Snowflakes
 60522 | Crypt:3  | Identified the Catalogue of Conjuration
 60530 | Crypt:3  | Identified the +6 executioner's axe "Hothoz" {chop, +Inv
                  | rElec MP+9 Str-2}
 60604 | Crypt:3  | Noticed Margery
 60745 | Crypt:3  | Killed Margery
 61932 | Orc:2    | Learned a level 6 spell: Deflect Missiles
 62047 | Elf:2    | Bought a scroll of enchant armour for 105 gold pieces
 62346 | D:13     | Bought a potion of mutation for 120 gold pieces
 62346 | D:13     | Bought 2 potions of agility for 120 gold pieces
 62402 | D:15     | Bought a potion of haste for 170 gold pieces
 62402 | D:15     | Bought a potion of invisibility for 136 gold pieces
 62740 | Vaults:4 | Killed Sojobo
 62740 | Vaults:4 | Reached skill level 1 in Charms
 62799 | Vaults:5 | Entered Level 5 of the Vaults
 62864 | Vaults:5 | Noticed an ancient lich
 62915 | Vaults:4 | Killed an ancient lich
 62915 | Vaults:4 | Reached XP level 27. HP: 73/163 MP: 34/36
 63217 | Vaults:5 | Noticed an ancient lich
 63226 | Vaults:4 | Reached skill level 10 in Hexes
 63226 | Vaults:4 | Reached skill level 5 in Charms
 63318 | Vaults:4 | Killed an ancient lich
 63355 | Vaults:5 | Noticed an ancient lich
 63373 | Vaults:5 | Killed an ancient lich
 63404 | Vaults:5 | Got a shimmering great sword
 63406 | Vaults:5 | Identified the +9 great sword "Akhonet" {slice, -Tele rC+
                  | Stlth+} (You found it on level 5 of the Vaults)
 63425 | Vaults:5 | Identified the +5 scale mail of Hairiness {+Inv}
 63426 | Vaults:5 | Identified the +8 hand crossbow of Battle {elec, rElec
                  | Dex+4}
 63623 | Vaults:5 | Got a twisted mace
 63624 | Vaults:5 | Identified the +8 mace "Killer Klown's Curse" {freeze,
                  | *Slow rPois Int+9 Dex+2} (You found it on level 5 of the
                  | Vaults)
 63907 | Vaults:5 | Got a silver rune of Zot
 64087 | Vaults:5 | Identified the +11 long sword "Gram" {speed, *Corrode
                  | Fragile +Fly Str+8}
 64087 | Vaults:5 | Identified the ring of Cacvoon {+Blink Dex+2 Slay+2}
 64136 | Vaults:5 | Identified the Reference Book on Twisted Changing
 64142 | Vaults:5 | Identified Giosch's Catalogue of Poisoning and the Blaze
 64305 | Vaults:5 | Identified the cursed +1 plate armour of the Earth {Str+4}
 64548 | Vaults:5 | Identified the +3 leather armour "Put-Me-On" {MR++ Str+4
                  | Dex+2 Slay-2}
 64548 | Vaults:5 | Identified the ring "Ukhler" {rElec Int+4 Dex+3}
 64969 | Zot:1    | Entered Level 1 of the Realm of Zot
 65077 | Zot:1    | Reached skill level 10 in Air Magic
 65384 | Zot:1    | Reached skill level 23 in Fighting
 65398 | Zot:1    | You fall into a shaft and drop 1 floor!
 65610 | Zot:2    | Found the +7 Kryia's mail coat {PotionHeal*2 rC+}
 66572 | Zot:3    | Reached skill level 10 in Charms
 67582 | Zot:5    | Entered Level 5 of the Realm of Zot
 68056 | Zot:5    | Noticed an ancient lich
 68076 | Zot:5    | Noticed an ancient lich
 68089 | Zot:5    | Killed an ancient lich
 68124 | Zot:5    | Killed an ancient lich
 68183 | Zot:5    | Noticed an ancient lich
 68184 | Zot:5    | Noticed an orb of fire
 68185 | Zot:5    | Noticed an orb of fire
 68196 | Zot:5    | HP: 6/165 [orb of fire/bolt of fire (9)]
 68393 | Zot:5    | Noticed an orb of fire
 68477 | Zot:5    | Killed an ancient lich
 68661 | Zot:5    | Gained mutation: Scrolls take you a little longer to read.
                  | [an orb of fire]
 68663 | Zot:5    | Gained mutation: Your body sometimes deteriorates upon
                  | taking damage. [an orb of fire]
 68679 | Zot:5    | Gained mutation: Scrolls take you longer to read. [an orb
                  | of fire]
 68684 | Zot:5    | Killed an orb of fire
 68693 | Zot:5    | Gained mutation: You occasionally shout uncontrollably at
                  | your foes. [an orb of fire]
 68696 | Zot:5    | Killed an orb of fire
 68750 | Zot:5    | Lost mutation: Your body sometimes deteriorates upon taking
                  | damage. [an orb of fire]
 68776 | Zot:5    | Killed an orb of fire
 68776 | Zot:5    | Reached skill level 24 in Fighting
 69037 | Zot:5    | Noticed an orb of fire
 69043 | Zot:5    | Gained mutation: You have a pair of small horns on your
                  | head. [an orb of fire]
 69061 | Zot:5    | Gained mutation: Armour fits poorly on your strangely
                  | shaped body. [an orb of fire]
 69062 | Zot:5    | Gained mutation: You are occasionally teleported next to
                  | monsters. [an orb of fire]
 69072 | Zot:5    | Gained mutation: You have a pair of horns on your head. [an
                  | orb of fire]
 69082 | Zot:5    | Killed an orb of fire
 69431 | Zot:5    | Noticed an orb of fire
 69431 | Zot:5    | Gained mutation: Your body sometimes deteriorates upon
                  | taking damage. [an orb of fire]
 69446 | Zot:5    | Gained mutation: Your body often deteriorates upon taking
                  | damage. [an orb of fire]
 69467 | Zot:5    | Gained mutation: Your magical capacity is low. (-10% MP)
                  | [an orb of fire]
 69485 | Zot:5    | Gained mutation: You sometimes yell uncontrollably at your
                  | foes. [an orb of fire]
 69548 | Zot:5    | Gained mutation: You are dopey. (Int -2) [an orb of fire]
 69564 | Zot:5    | Killed an orb of fire
 69745 | Zot:5    | Noticed an ancient lich
 69764 | Zot:5    | Killed from afar by an ancient lich

Levels and vault maps discovered:
D:1:      dpeg_arrival_snail, layout_basic
D:2:      minmay_razor_zed, layout_basic, first_ration,
          nicolae_qazlal_eye_of_the_storm, uniq_jessica, uniq_robin
D:3:      layout_basic, nicolae_overflow_hidden_temple,
          chequers_ecumenical_altar_grove, uniq_natasha
D:4:      layout_rooms, serial_shops, shop, uniq_ijyb
D:5:      layout_basic, zin_purify
D:6:      layout_basic, kennysheep_little_box, minmay_small_thing
D:7:      layout_cave_pools, temple_green, enter_ossuary_2, serial_shops,
          nicolae_shop_behind_doors, serial_gnoll_camp, gnoll_camp_medium_02,
          gnoll_camp_medium_01, gnoll_camp_mini_house
D:8:      layout_basic, basic_altar, gammafunk_ghost_berserking_beasts,
          hangedman_ranch [blue_anna_fruit_fields]
D:9:      layout_roguey, orc_0_dummy, okawaru_trees_1
D:10:     layout_basic, lair_entry_dummy, ebering_ghost_funeral_grove, uniq_urug
D:11:     layout_basic
D:12:     layout_long_grid, introduction_to_nature_2
D:13:     layout_loops_cross, serial_shops, shop
D:14:     layout_loops_ring, david_vaults_5, nrook_campfire, st_stairs_3
D:15:     gammafunk_depths_entry_grave, layout_small_grid, serial_shops,
          shop_fountains, nicolae_wwwww, grunt_ministairs_7,
          minmay_misc_feat_pillars
Temple:   nicolae_temple_elliptical
Lair:1:   layout_hall_layers, beast_lair_carwin_1, uniq_grum
Lair:2:   layout_chaotic_city, swamp_mist
Lair:3:   layout_misc_corridors, st_stairs_4
Lair:4:   layout_gridlike, nicolae_spider_entry_orb_guardian,
          kennysheep_snail_temple, uniq_nergalle, uniq_nessos
Lair:5:   layout_hall_layers, slime_altar_1, uniq_josephine, uniq_kirke
Lair:6:   evilmike_catoblepas_cave, layout_long_grid,
          ebering_ghost_funeral_grove, grunt_megastairs_2
Swamp:1:  layout_basic_swamp, evilmike_swamp_ruin_house_4, uniq_frances
Swamp:2:  layout_basic_swamp, basic_altar, swamp_pool1, uniq_jorgrun
Swamp:3:  layout_basic_swamp, nicolae_swamp_fairy_circle, uniq_roxanne,
          uniq_louise
Swamp:4:  swamp_fiery, layout_basic_swamp, swamp_pool3,
          nicolae_swamp_necromancer_hut
Spider:1: layout_spider_delve
Spider:2: layout_chambers, nicolae_spider_cling_halls, uniq_arachne
Spider:3: layout_spider_delve, uniq_nikola, uniq_mara
Spider:4: guppyfry_spider_rune, uniq_agnes, uniq_donald
Orc:1:    layout_caves, serial_shops, shop
Orc:2:    st_orc_congregation, layout_diamond_mine
Elf:1:    elf_arrival_002, layout_rooms, minmay_elf_demonology
Elf:2:    layout_geoelf_diagonals, serial_shops, shop, chequers_big_river
Elf:3:    minmay_elf_hall_statues, layout_onion_city, serial_shops, shop
Vaults:1: biasface_vaults_ghost_orc_armoury, nicolae_vaults_specimen_jars,
          hangedman_vaults_corner_blocks, hangedman_vaults_restitches,
          v_rooms_4, vaults_room_corners, v_misc_11, layout_vaults_omnigrid,
          serial_shops, nicolae_shop_temple_entry_statues_fountains
Vaults:2: vaults_dpeg_encased_lava, minmay_crypt_entry_simple_statues,
          ontoclasm_vaults_gallery, vaults_dpeg_ring, ontoclasm_vaults_shuriken,
          v_rooms_6, nicolae_vaults_hallways_thing, ontoclasm_vaults_misaligned,
          v_misc_18, vaults_mumra_lcd, layout_vaults_chaotic_city
Vaults:3: dpeg_vaults_waves, vaults_room_pools, nicolae_vaults_big_ls,
          v_misc_13, hangedman_vaults_stretched_pinwheel, v_misc_22,
          nicolae_vaults_alarming, ontoclasm_vaults_idyll,
          hangedman_vaults_stream, ontoclasm_vaults_misaligned, v_alt_pattern_6,
          v_rooms_3, dpeg_vaults_monster_box, vaults_room_pool,
          vaults_dpeg_diagonal, layout_vaults_omnibox, uniq_bai_suzhen
Vaults:4: nicolae_vaults_octagons, nicolae_vaults_diagonal_hallway_7,
          dpeg_vaults_monster_row, hangedman_vaults_snaps,
          nicolae_vaults_circle_grid_a, nicolae_vaults_what_the_h,
          nicolae_vaults_angled_halls, nicolae_vaults_windows_and_doors_thing,
          hangedman_vaults_trim, nicolae_vaults_network_star,
          grunt_vaults_focal, layout_vaults_maze_bifur, serial_shops,
          nicolae_shop_trees, uniq_frederick, uniq_sojobo, uniq_jory
Vaults:5: serial_shops
Crypt:1:  layout_basic, roderic_lattice_octagonal_star
Crypt:2:  layout_misc_corridors, grunt_megastairs_5
Crypt:3:  due_elkab, layout_chaotic_city, tomb_entry_simple_bobbens,
          serial_sigils_hangedman_stare, nicolae_crypt_ancient_font,
          uniq_saint_roka, uniq_margery
Depths:1: layout_roguey, grunt_hell_entry_dis_grunt, hex_medium,
          minmay_shop_enchanted_jewellery, evilmike_butchery,
          serial_bayou_shore_a, minmay_shoptagon,
          infiniplex_staircase_pool_lava, uniq_enchantress
Depths:2: minmay_shrinking_squares, layout_honeycomb, enter_ziggurat_f,
          hangedman_coc_ice_floe, grunt_pan_entry_spiral
Depths:3: gammafunk_sealed_library, layout_cave_shapes, serial_glass,
          glass_columns_c, glass_columns_a, lightli_enter_wizlab_magi_temple,
          rand_demon_pan_entry_1, grunt_hell_horde, kennysheep_generic_room_13
Depths:4: minmay_the_grid_octo_triangle [minmay_the_grid_octo_toaster,
          minmay_the_grid_octo_prize_square_snowflake,
          minmay_the_grid_octo_clover_2], layout_basic, pf_hell_entry_tar_river,
          minmay_misc_feat_ornament, abyss_entry, serial_shops, shop,
          serial_corexii_hall, corexii_hall_statues_x, corexii_hall_statues_u
Depths:5: hangedman_pleasuredromes, hell_entry, abyss_entry, uniq_mennas
Zot:1:    layout_gridville, st_stairs_9
Zot:2:    layout_onion, grunt_megastairs_3
Zot:3:    layout_misc_corridors, grunt_megastairs_4
Zot:4:    layout_onion_interference
Zot:5:    layout_basic

Skill      XL: |  1  2  3  4  5  6  7  8  9 10 11 12 13 14 15 16 17 18 19 20 21 22 23 24 25 26 27 |
---------------+----------------------------------------------------------------------------------+-----
Throwing       | 2 3 4 5 6 7 8 9 10 | 10.3
Stealth        | 5 6 7 9 |  9.3
Fighting       | 2 3 4 5 6 8 9 10 11 12 13 14 15 16 17 18 19 20 21 22 24 | 24.3
Axes           | 1 2 3 5 6 7 8 9 10 11 12 13 14 15 16 19 | 19.7
Evocations     | 1 2 3 5 7 8 9 11 12 | 12.9
Armour         | 1 4 6 7 9 10 11 12 13 14 15 18 | 18.2
Dodging        | 2 3 6 7 8 9 |  9.7
Spellcasting   | 3 5 7 8 |  8.8
Shields        | 3 7 9 10 12 | 12.5
Long Blades    | 3 6 9 10 | 10.0
Hexes          | 5 8 9 10 | 10.6
Air Magic      | 5 7 9 12 | 12.4
Translocations | 3 7 9 |  9.0
Charms         | 3 11 | 11.9
Short Blades   | |  1.7

Action                   |  1- 3 |  4- 6 |  7- 9 | 10-12 | 13-15 | 16-18 | 19-21 | 22-24 | 25-27 || total
-------------------------+-------+-------+-------+-------+-------+-------+-------+-------+-------++-------
Melee: Dagger            |    92 |   137 |    17 |     1 |       |       |       |       |       ||   247
       Bite              |    29 |    45 |    81 |   283 |   763 |   872 |   728 |   937 |  1820 ||  5558
       Flail             |       |       |   168 |   558 |  1209 |   171 |       |       |       ||  2106
       Whip              |       |       |   106 |   163 |    18 |       |       |       |       ||   287
       Falchion          |       |       |       |     5 |     7 |       |       |       |       ||    12
       Battleaxe         |       |       |       |       |   470 |   794 |       |       |       ||  1264
       War axe           |       |       |       |       |    32 |   141 |  1323 |  1211 |  2446 ||  5153
       Morningstar       |       |       |       |       |       |   933 |   247 |   381 |   755 ||  2316
       Demon whip        |       |       |       |       |       |     6 |       |       |       ||     6
       Double sword      |       |       |       |       |       |       |       |    98 |       ||    98
       Executioner's axe |       |       |       |       |       |       |       |       |    21 ||    21
       Headbutt          |       |       |       |       |       |       |       |       |    53 ||    53
Throw: Dart              |     3 |     9 |    37 |    58 |    48 |    13 |    13 |    17 |     4 ||   202
       Stone             |       |       |     9 |       |       |       |       |       |       ||     9
       Javelin           |       |       |       |    13 |     5 |       |       |       |       ||    18
       Throwing net      |       |       |       |     5 |       |     7 |       |       |       ||    12
       Boomerang         |       |       |       |    10 |    67 |    72 |    12 |     8 |     8 ||   177
Invok: Lunge             |       |       |    22 |    49 |    97 |   114 |   113 |    95 |   140 ||   630
       Whirlwind         |       |       |    12 |    66 |   257 |   354 |   318 |   272 |   893 ||  2172
       Serpent's Lash    |       |       |       |     1 |     1 |    10 |    10 |     9 |    16 ||    47
       Heavenly Storm    |       |       |       |       |       |       |     2 |     1 |     1 ||     4
 Abil: Wall Jump         |       |       |       |     1 |       |       |     1 |       |     5 ||     7
       Evoke Blink       |       |       |       |       |     1 |     2 |       |     4 |     6 ||    13
Evoke: Wand              |       |       |     3 |     9 |     3 |    28 |     3 |    24 |     1 ||    71
       Lightning rod     |       |       |       |       |       |     6 |     2 |       |       ||     8
       Phantom mirror    |       |       |       |       |       |     1 |       |       |       ||     1
       Sack of spiders   |       |       |       |       |       |       |       |     1 |       ||     1
       Box of beasts     |       |       |       |       |       |       |       |       |     1 ||     1
  Use: Potion            |       |       |     3 |       |     1 |    10 |     7 |       |     7 ||    28
       Scroll            |       |       |    11 |     9 |     6 |    16 |    15 |    11 |    14 ||    82
 Stab: Sleeping          |     7 |    17 |    16 |    22 |    38 |    17 |    21 |    17 |    13 ||   168
       Paralysed         |       |       |       |     9 |       |       |       |     1 |       ||    10
       Distracted        |       |       |       |     2 |    10 |     3 |     5 |    12 |    10 ||    42
       Confused          |       |       |       |       |       |     1 |       |       |     1 ||     2
  Eat: Chunk             |     1 |     5 |    15 |    25 |    37 |    30 |    26 |    27 |    24 ||   190
       Ration            |       |       |       |       |       |     5 |     1 |     1 |     9 ||    16
Armor: Robe              |    33 |    18 |   146 |   141 |   596 |  1386 |   428 |   416 |   833 ||  3997
       Leather armour    |       |       |       |   128 |       |       |       |       |       ||   128
Dodge: Dodged            |    42 |    67 |   257 |   376 |  1024 |  2640 |   739 |   714 |  1410 ||  7269
Block: Shield            |       |       |       |       |       |       |   451 |  1059 |  1723 ||  3233
       Reflection        |       |       |       |       |       |       |    38 |    58 |    54 ||   150
       Rpst.: Double sword |       |       |       |       |       |       |       |     8 |       ||     8
